Map: Neon Violet Square LE

Players

Lillekanin

  • Race: Terran Terran
  • Spawn Location: 11:00

Zanster - Winner!

  • Race: Zerg Zerg
  • Spawn Location: 5:00

Event: WCS Leipzig 2018

VOD

Have the link to the VOD?

Description

Time

  • Played on: Jan. 26, 2018, 10:44 a.m.
  • Length: 18:38

All games in this series

Show
View Real Time Build Order
Export as new Build Order

Lillekanin Terran 

Build Orders: Hellion Banshee, Mech 

Get SALT Encoding   

  12  0:00  SCV  
  13  0:12  SCV  
  14  0:18  Supply Depot  
  14  0:24  SCV  
  15  0:30  Refinery  
  15  0:39  SCV  
  16  0:45  Barracks  
  16  0:52  SCV  
  17  1:04  SCV  
  18  1:16  SCV  
  20  1:33  Orbital Command, Reaper  
  20  1:48  Command Center  
  20  1:59  SCV  
  21  2:04  Factory  
  21  2:09  Barracks Reactor  
  21  2:11  SCV  
  22  2:17  Supply Depot  
  22  2:21  Refinery  
  22  2:25  SCV  
  23  2:38  SCV  
  24  2:50  SCV  
  25  2:54  Hellion x2  
  25  2:56  Starport  
  29  3:02  SCV  
  29  3:05  Orbital Command  
  30  3:10  Barracks Tech Lab  
  30  3:16  Hellion  
  30  3:18  Hellion  
  34  3:22  SCV  
  35  3:30  SCV  
  35  3:31  Supply Depot  
  36  3:40  Hellion x2  
  40  3:44  Banshee  
  43  3:48  SCV  
  43  3:49  SCV  
  43  3:53  Cloaking Field  
  45  3:59  Supply Depot  
  45  4:00  SCV  
  45  4:02  SCV  
  44  4:12  SCV  
  44  4:14  SCV  
  46  4:18  Marine  
  47  4:25  SCV  
  47  4:26  SCV  
  47  4:28  Banshee  
  52  4:37  SCV  
  53  4:39  SCV  
  53  4:40  Command Center  
  53  4:42  Supply Depot  
  54  4:49  SCV  
  54  4:51  SCV  
  56  4:57  Armory  
  56  5:01  SCV  
  56  5:03  SCV, Marine  
  59  5:09  Refinery  
  59  5:11  Refinery  
  59  5:12  Supply Depot  
  59  5:13  SCV, Supply Depot  
  60  5:15  SCV  
  61  5:25  SCV  
  61  5:27  SCV, Armory  
  61  5:37  SCV  
  61  5:40  SCV  
  63  5:44  Factory  
  63  5:47  Factory  
  63  5:49  SCV  
  64  5:52  SCV  
  65  6:01  SCV  
  65  6:03  Orbital Command  
  65  6:04  SCV  
  64  6:12  Viking  
  64  6:13  SCV  
  64  6:14  Command Center  
  64  6:15  Terran Vehicle Weapons Level 1  
  64  6:16  SCV  
  68  6:23  Terran Vehicle And Ship Armor Level 1  
  61  6:25  SCV  
  61  6:27  Orbital Command  
  61  6:28  SCV  
  61  6:29  Factory Tech Lab  
  61  6:30  Factory Tech Lab  
  63  6:38  SCV  
  64  6:40  SCV  
  64  6:43  Banshee  
  64  6:46  Refinery  
  68  6:48  Refinery  
  68  6:49  Siege Tank x2  
  68  6:50  SCV  
  68  6:52  SCV  
  68  6:53  SCV  
  77  7:02  SCV  
  77  7:04  SCV  
  77  7:05  SCV  
  80  7:09  Engineering Bay  
  80  7:13  Factory  
  80  7:14  SCV  
  81  7:15  Factory  
  81  7:16  Hellion x2, SCV  
  81  7:17  SCV  
  81  7:21  Siege Tank x2  
  91  7:26  SCV, Infernal Pre-Igniter  
  91  7:28  SCV, Banshee  
  91  7:29  SCV  
  95  7:30  SCV  
  96  7:38  SCV  
  96  7:40  SCV, Missile Turret  
  96  7:41  SCV  
  96  7:42  SCV  
  100  7:47  Hellion x2  
  102  7:53  Siege Tank x2  
  102  7:57  Factory Tech Lab  
  105  7:58  Factory Tech Lab  
  105  7:59  SCV  
  105  8:01  SCV  
  105  8:04  SCV  
  107  8:10  Refinery  
  107  8:11  SCV  
  109  8:15  Orbital Command, Missile Turret  
  109  8:17  Terran Vehicle Weapons Level 2  
  109  8:18  Terran Vehicle And Ship Armor Level 2  
  109  8:19  Refinery  
  108  8:24  SCV  
  108  8:25  Siege Tank  
  108  8:26  Command Center  
  112  8:30  Sensor Tower  
  112  8:31  Refinery  
  112  8:37  Siege Tank  
  115  8:46  Missile Turret  
  115  8:48  Missile Turret  
  115  8:49  SCV, Missile Turret  
  116  8:59  Supply Depot  
  116  9:00  Supply Depot  
  116  9:01  SCV, Hellion, Viking, Siege Tank  
  124  9:04  Starport  
  124  9:06  Smart Servos  
  124  9:09  SCV  
  125  9:11  Thor  
  125  9:13  SCV  
  132  9:21  Thor  
  136  9:29  Thor  
  142  9:36  Starport  
  142  9:45  Hellion x3  
  148  9:48  Supply Depot  
  148  9:50  Missile Turret  
  148  9:52  Supply Depot  
  148  9:54  Thor  
  148  9:55  Sensor Tower  
  154  10:00  Viking  
  154  10:04  Thor  
  162  10:09  Viking  
  162  10:10  Hellion x3  
  162  10:13  Hellion  
  167  10:23  Viking  
  157  10:30  Viking  
  157  10:31  Hellion x2, Siege Tank, Missile Turret  
  157  10:34  Missile Turret  
  157  10:35  Siege Tank  
  163  10:37  Hellion  
  163  10:39  Viking  
  164  10:47  Siege Tank  
  164  10:48  Terran Vehicle Weapons Level 3  
  167  10:52  Hellion x2  
  171  10:58  Terran Vehicle And Ship Armor Level 3  
  171  10:59  Siege Tank  
  171  11:01  Supply Depot  
  171  11:03  Hellion  
  176  11:07  Hellion  
  178  11:12  Viking  
  178  11:13  Viking  
  178  11:21  Supply Depot x2  
  178  11:22  Hellion  
  180  11:25  Viking  
  180  11:29  Starport  
  180  11:30  Fusion Core  
  182  11:33  Hellion  
  182  11:34  Hellion  
  182  11:37  Thor  
  186  11:43  Hellion  
  184  11:49  Starport Tech Lab  
  184  11:50  Starport Tech Lab  
  184  11:56  Command Center  
  184  12:05  Siege Tank  
  165  12:13  Siege Tank x2  
  165  12:14  Hellion x2  
  161  12:21  Thor  
  165  12:23  Liberator  
  165  12:24  Liberator x2  
  165  12:29  Refinery  
  165  12:31  Refinery  
  165  12:40  Starport Tech Lab  
  165  12:42  Advanced Ballistics  
  174  12:46  Planetary Fortress  
  174  12:52  Missile Turret  
  174  12:53  SCV x2  
  174  12:57  Missile Turret  
  176  13:02  Supply Depot  
  182  13:14  Viking  
  182  13:18  Thor  
  182  13:19  Thor  
  184  13:20  Corvid Reactor  
  184  13:22  Enhanced Munitions  
  184  13:23  Viking  
  184  13:24  Orbital Command  
  186  13:30  Sensor Tower  
  186  13:32  Viking  
  190  13:48  Terran Ship Weapons Level 1  
  190  13:58  Viking  
  190  14:01  Raven x2  
  194  14:07  Thor  
  194  14:33  Thor  
  193  14:40  Thor  
  195  14:46  Thor  
  189  14:53  Viking  
  189  14:54  Viking  
  189  14:56  Viking  
  193  15:15  Viking  
  187  15:23  Refinery, Viking  
  187  15:25  SCV x2  
  186  15:37  Command Center  
  186  15:38  Factory Tech Lab  
  186  15:39  Siege Tank  
  186  15:40  Hellion, Siege Tank  
  186  15:41  Viking  
  194  15:48  Viking  
  194  15:49  Hellion x2  
  200  15:56  Viking x2  
  197  16:07  Hellion x2  
  197  16:10  Hellion x2, Viking  
  187  16:12  Hellion  
  187  16:18  Siege Tank  
  138  16:29  Hellion x2  
  138  16:31  Siege Tank  
  138  16:32  SCV x5  
  148  16:33  Siege Tank  
  151  16:46  Engineering Bay  
  151  16:50  Thor  
  157  16:54  Raven x3  
  162  17:07  Hellion x2, Siege Tank  
  168  17:08  Hellion  
  168  17:09  Hellion  
  149  17:28  Refinery  
  149  17:29  Hellion, Thor  
  154  17:36  SCV x5  
  157  17:48  SCV x2, Viking  
  161  17:54  Siege Tank  
  161  17:56  Hellion  
  156  18:00  Planetary Fortress  
  152  18:11  Missile Turret  
  152  18:12  Missile Turret  
Show
View Real Time Build Order
Export as new Build Order

Zanster Zerg - Winner!

Build Orders: Hatch First 

Get SALT Encoding   

  12  0:00  Drone  
  13  0:14  Overlord  
  13  0:18  Drone  
  14  0:32  Drone x2  
  16  0:36  Drone  
  17  0:53  Hatchery  
  17  0:56  Drone  
  17  0:59  Drone  
  18  1:10  Extractor  
  17  1:14  Spawning Pool  
  17  1:17  Drone  
  17  1:22  Drone  
  18  1:30  Drone  
  19  1:40  Drone  
  20  1:50  Overlord  
  20  2:03  Queen  
  20  2:05  Queen  
  20  2:06  Zergling x4  
  26  2:11  Metabolic Boost  
  26  2:14  Drone  
  27  2:17  Drone  
  28  2:27  Drone  
  28  2:28  Drone  
  30  2:39  Drone, Hatchery  
  30  2:41  Drone  
  31  2:48  Queen  
  31  2:50  Drone  
  34  2:55  Overlord  
  34  2:57  Drone  
  35  3:00  Drone  
  36  3:06  Overlord  
  36  3:14  Drone x3  
  36  3:17  Drone x3  
  36  3:18  Drone  
  43  3:22  Drone  
  43  3:26  Drone  
  45  3:33  Drone  
  46  3:36  Overlord  
  46  3:37  Queen  
  46  3:40  Queen  
  50  3:46  Zergling x4  
  52  3:51  Drone  
  52  3:52  Drone x3  
  52  3:53  Drone  
  57  3:57  Drone x2  
  59  4:04  Overlord  
  58  4:12  Zergling x4  
  58  4:13  Queen  
  58  4:16  Extractor x2, Roach Warren  
  58  4:17  Drone x2  
  58  4:19  Drone  
  58  4:20  Drone  
  58  4:22  Drone  
  63  4:25  Drone x2  
  63  4:27  Spore Crawler  
  63  4:31  Drone, Spore Crawler  
  64  4:32  Drone  
  64  4:35  Drone  
  64  4:36  Drone  
  67  4:39  Drone x2  
  68  4:46  Lair  
  68  4:54  Drone x6  
  68  4:56  Overlord  
  74  5:01  Spore Crawler  
  74  5:02  Drone  
  74  5:04  Overlord  
  74  5:12  Overlord x2  
  74  5:19  Overlord  
  73  5:23  Drone x7  
  73  5:27  Overlord  
  79  5:28  Drone  
  79  5:29  Drone x2  
  79  5:38  Roach x6  
  79  5:40  Drone x2  
  92  5:50  Extractor x2  
  92  5:51  Overlord  
  92  5:53  Overseer  
  92  5:54  Glial Reconstitution  
  89  6:00  Hatchery  
  89  6:03  Drone x5  
  93  6:05  Drone  
  93  6:07  Drone x5, Extractor  
  93  6:08  Drone  
  99  6:12  Drone x3  
  100  6:22  Drone x3  
  103  6:28  Infestation Pit  
  103  6:31  Hydralisk Den, Overlord  
  101  6:33  Roach, Evolution Chamber x2  
  101  6:34  Roach  
  101  6:36  Overseer  
  101  6:37  Overlord  
  103  6:40  Roach  
  103  6:43  Roach, Hydralisk Den  
  105  6:53  Overlord  
  105  6:56  Roach  
  105  6:57  Roach x3  
  105  6:59  Zerg Missile Weapons Level 1  
  113  7:02  Zerg Ground Armor Level 1  
  113  7:06  Hive  
  113  7:09  Muscular Augments  
  113  7:10  Hatchery  
  113  7:13  Overlord  
  113  7:15  Roach x2  
  114  7:23  Drone  
  114  7:28  Hydralisk  
  114  7:29  Hydralisk x5  
  127  7:30  Drone  
  128  7:37  Drone x7  
  128  7:39  Drone  
  128  7:40  Drone  
  135  7:52  Drone x4  
  135  7:53  Drone x8  
  135  7:54  Drone  
  135  7:55  Overlord  
  148  7:59  Pneumatized Carapace  
  148  8:03  Spore Crawler  
  148  8:04  Extractor  
  148  8:05  Drone x4, Extractor  
  149  8:06  Drone  
  149  8:10  Overlord  
  150  8:14  Overlord x2  
  150  8:20  Overlord  
  150  8:25  Viper  
  150  8:26  Viper x2  
  157  8:28  Overlord  
  157  8:30  Viper  
  157  8:32  Overseer  
  160  8:37  Roach x6  
  172  8:42  Spore Crawler  
  172  8:43  Drone x3  
  172  8:44  Spine Crawler, Extractor  
  172  8:45  Extractor  
  172  8:46  Roach, Hydralisk x2  
  177  8:57  Zerg Missile Weapons Level 2  
  177  9:02  Roach x6  
  183  9:10  Hydralisk x3  
  183  9:11  Hydralisk  
  183  9:12  Roach  
  183  9:15  Hatchery  
  192  9:18  Overlord  
  192  9:19  Roach  
  192  9:20  Roach x2  
  192  9:21  Overlord  
  192  9:23  Overlord  
  198  9:28  Overlord  
  198  9:29  Zerg Ground Armor Level 2  
  198  9:43  Burrow, Tunneling Claws  
  197  9:49  Evolution Chamber  
  197  9:51  Spire  
  197  9:52  Spine Crawler  
  194  9:53  Spine Crawler  
  185  10:24  Ravager  
  185  10:28  Roach x3, Hydralisk x11  
  178  10:30  Drone  
  193  10:38  Extractor, Zerg Melee Weapons Level 1  
  193  10:42  Zergling x14  
  199  10:54  Overseer x2  
  199  11:06  Greater Spire  
  199  11:08  Hatchery  
  194  11:12  Hatchery  
  194  11:14  Zergling x16  
  194  11:15  Zergling x14  
  200  11:19  Zerg Missile Weapons Level 3  
  200  11:24  Hatchery  
  199  11:28  Overlord  
  199  11:32  Zergling x4  
  196  11:57  Zergling x10  
  167  12:13  Viper x4  
  167  12:15  Corruptor x2  
  161  12:16  Corruptor x14  
  193  12:23  Queen  
  195  12:36  Zerg Melee Weapons Level 2, Zerg Ground Armor Level 3  
  195  12:44  Zerg Flyer Armor Level 1  
  195  12:47  Spire  
  195  12:50  Extractor  
  193  12:55  Zergling x2  
  193  12:56  Zergling x10, Extractor  
  198  13:06  Drone x2  
  198  13:08  Spine Crawler  
  198  13:09  Adrenal Glands  
  199  14:05  Hydralisk x7  
  195  14:10  Roach  
  195  14:15  Drone x5  
  199  14:20  Hydralisk  
  193  14:36  Overlord x2  
  193  14:37  Overlord x4  
  191  14:42  Overlord  
  185  14:49  Overlord  
  171  14:56  Corruptor x2  
  171  14:57  Corruptor x8  
  171  14:59  Drone x9  
  189  15:09  Brood Lord  
  189  15:10  Brood Lord x4  
  192  15:20  Drone x3  
  191  15:21  Queen  
  191  15:26  Brood Lord x3  
  191  15:27  Hydralisk  
  191  15:28  Hydralisk x3  
  196  15:30  Zerg Flyer Weapons Level 1, Zerg Flyer Armor Level 2  
  196  15:31  Zerg Melee Weapons Level 3  
  191  16:10  Hydralisk x15  
  200  16:16  Hydralisk x5  
  200  16:17  Hydralisk x3  
  184  16:28  Viper x5  
  184  16:31  Roach  
  175  17:16  Hydralisk  
  175  17:17  Hydralisk x14  
  175  17:18  Roach x3  
  193  17:25  Roach x5  
  193  17:26  Roach  
  199  17:31  Hydralisk  
  199  17:32  Zergling x2  
  200  17:52  Spine Crawler, Overlord x3  
  200  17:56  Spore Crawler  
  196  18:09  Overlord  
Tags
 
Add a new tag
Caveats
  • Supply blocks, unpowered buildings, or Contaminate may cause inaccurate times.
  • Supply counts are checked every 10 seconds.